 Dungeon Crawl Stone Soup version 0.31.0-11-ge490571c62 (webtiles) character file.

Game seed: 14925472914989138132

74 qw the Shooter (level 4, -6/25 HPs)
             Began as a Deep Elf Hunter on Feb 4, 2024.
             Was an Initiate of Okawaru.
             Mangled by an ogre
             ... wielding a +0 giant club
              (31 damage)
             ... on level 3 of the Dungeon.
             The game lasted 00:00:07 (1588 turns).

qw the Shooter (Deep Elf Hunter)                    Turns: 1588, Time: 00:00:07

Health: -6/25      AC:  7    Str: 10      XL:     4   Next: 9%
Magic:  6/6        EV: 11    Int: 11 (14) God:    Okawaru [......]
Gold:   97         SH:  0    Dex: 16 (18) Spells: 3/3 levels left

rFire   . . .        a - +1 shortbow
rCold   . . .        (shield currently unavailable)
rNeg    . . .        b - +0 ring mail
rPois   .            (no helmet)
rElec   .            g - +0 cloak
rCorr   .            (no gloves)
SInv    .            d - +0 pair of boots
Will    .....        (no amulet)
Stlth   +            (no ring)
HPRegen 0.24/turn    (no ring)
MPRegen 0.10/turn

%: no passive effects
@: no status effects
A: no striking features
a: Renounce Religion


You were on level 3 of the Dungeon.
You worshipped Okawaru.
Okawaru was noncommittal.
You visited 1 branch of the dungeon, and saw 3 of its levels.

You collected 127 gold pieces.
You spent 30 gold pieces at shops.


   Skills:
 - Level 1.5 Fighting
 + Level 7.5 Ranged Weapons
 - Level 2.4 Dodging
 - Level 1.2 Stealth


You had 3 spell levels left.
You didn't know any spells.
Your spell library was empty.

Inventory:

Hand Weapons
 a - a +1 shortbow (weapon)
Armour
 b - a +0 ring mail (worn)
 d - a +0 pair of boots (worn)
 g - a +0 cloak (worn)
Jewellery
 f - a ring of flight
Potions
 c - a potion of curing
 e - a potion of heal wounds {unknown}
 j - a potion of might
 k - a potion of mutation

Dungeon Overview and Level Annotations

Branches:
Dungeon (3/15)

Altars:
Cheibriados
Dithmenos
Okawaru
Zin
The Shining One

Shops:
D:3 !


Message History

Enter note:
Enter note: A rat comes into view.
You shoot an arrow. The arrow hits the rat!
You kill the rat!
Okawaru accepts your kill.
You now have 72 gold pieces (gained 13).
You now have enough gold to buy a potion of cancellation on this level.
You can access your shopping list by pressing '$'.
You now have 87 gold pieces (gained 15).
You open the door.
A dart slug comes into view.
Found 10 gold pieces and a runed agate ring.
You shoot an arrow. The arrow hits the dart slug!
The dart slug is almost dead.
The dart slug launches a dart at you.
The slug dart hits you but does no damage.
You shoot an arrow. The arrow hits the dart slug!
You kill the dart slug!
Okawaru accepts your kill.
There is an open door here.
You now have 97 gold pieces (gained 10).
f - a ring of flight You open the door.
There is an open door here.
An ogre comes into view. It is wielding a +0 giant club.
You shoot an arrow. The arrow hits the ogre!
The ogre shouts!
The ogre is moderately wounded.
An adder comes into view.
You shoot an arrow.
The arrow hits the ogre but does no damage.
The ogre is moderately wounded.
You shoot an arrow. The arrow hits the ogre.
The ogre is heavily wounded.
You shoot an arrow. The arrow hits the ogre.
The ogre is severely wounded.
The ogre hits you with a +0 giant club!!
Ouch! That really hurt!
You die...

#.............# #.#
.#.#...#.#.#.# #.#
.....#...... ### #.#
#.#.#...#.#.# ..##.###
...........#. ......
.#.#.#.#.#.# ##S..##
........... #..O..#
#.#..%##.## #..@#
#.###.##.# ##.##
#.###.##.## #.#
#.........# #.#
##.##.###.# ##'##
#.##.# #.# ##...##
#.##.###.# ##.....##
#.##..##.# ##.......##
#..##.##.#
#.........####...#.##.#


You could see an ogre and an adder.

Vanquished Creatures
  2 adders
  A ribbon worm (D:2)
  2 dart slugs
  An orc (D:2)
  7 endoplasms
  2 goblins
  9 hobgoblins
  2 quokkas
  4 ball pythons
  4 bats
  4 frilled lizards
  3 kobolds
  5 rats
46 creatures vanquished.

Notes
Turn   | Place    | Note
-------+----------+-------------------------------------------
     0 | D:1      | qw the Deep Elf Hunter began the quest for the Orb.
     0 | D:1      | Reached XP level 1. HP: 12/12 MP: 3/3
     0 | D:1      | 0 ||| qw: Version: 0.3-a-160-g6735b56
     0 | D:1      | 0 ||| qw: Game counter: 4601
     0 | D:1      | 0 ||| qw: Melee chars always use a shield: true
     0 | D:1      | 0 ||| qw: God list: Okawaru
     0 | D:1      | 0 ||| qw: Allow faded altars: false
     0 | D:1      | 0 ||| qw: Do Orc after clearing Dungeon:15 true
     0 | D:1      | 0 ||| qw: Do second Lair branch before Depths: true
     0 | D:1      | 0 ||| qw: Lair rune preference: random
     0 | D:1      | 0 ||| qw: Goals: Normal
     0 | D:1      | 0 ||| PLANNING D:1-11
   111 | D:1      | Reached skill level 6 in Ranged Weapons
   111 | D:1      | Reached XP level 2. HP: 16/16 MP: 4/4
   552 | D:1      | 552 ||| UPGRADING to +0 cloak.
   557 | D:1      | 557 ||| DROPPING +6 ring of intelligence.
   558 | D:1      | 558 ||| READING scroll labelled LIUKARAOH.
   559 | D:1      | 559 ||| READING scroll labelled KYMAAFIHOCK.
   559 | D:1      | 559 ||| ENCHANTING +0 shortbow.
   560 | D:1      | 560 ||| READING 2 scrolls labelled FEUPLY PIJEVI.
   560 | D:1      | 560 ||| IDENTIFYING white potion
   561 | D:1      | 561 ||| READING scroll of identify.
   561 | D:1      | 561 ||| IDENTIFYING smoky coppery potion
   562 | D:1      | 562 ||| DRINKING 2 inky potions.
   563 | D:1      | 563 ||| DROPPING scroll of butterflies.
   564 | D:1      | 564 ||| DROPPING potion of degeneration.
   713 | D:2      | Reached XP level 3. HP: 20/20 MP: 5/5
   723 | D:2      | 723 ||| FLEEEEING.
   773 | D:2      | Reached skill level 7 in Ranged Weapons
   810 | D:2      | You fall into a shaft and drop 1 floor!
   811 | D:3      | 811 ||| UPGRADING to +0 ring mail.
   821 | D:3      | 821 ||| DROPPING +0 leather armour.
   822 | D:3      | 822 ||| UPGRADING to +0 pair of boots.
   827 | D:3      | 827 ||| DROPPING scarf of harm.
  1319 | D:3      | Found a shadowy altar of Dithmenos.
  1322 | D:3      | Found a glowing silver altar of Zin.
  1322 | D:3      | Found a glowing golden altar of the Shining One.
  1322 | D:3      | Found a snail-covered altar of Cheibriados.
  1401 | D:3      | Found Kiajixio's Distillery.
  1407 | D:3      | 1407 ||| SHOPLISTING 2 potions of haste (200 gold, have
                  | 63).
  1407 | D:3      | 1407 ||| SHOPLISTING potion of cancellation (80 gold, have
                  | 63).
  1407 | D:3      | 1407 ||| BUYING potion of curing (30 gold).
  1407 | D:3      | Bought a potion of curing for 30 gold pieces
  1407 | D:3      | 1407 ||| SHOPLISTING potion of might (40 gold, have 33).
  1407 | D:3      | 1407 ||| SHOPLISTING potion of resistance (100 gold, have
                  | 33).
  1489 | D:3      | Found an iron altar of Okawaru.
  1490 | D:3      | 1490 ||| PLANNING OKAWARU WORSHIP
  1497 | D:3      | Became a worshipper of Warmaster Okawaru
  1498 | D:3      | 1498 ||| PLANNING D:1-11
  1506 | D:3      | Reached XP level 4. HP: 25/25 MP: 6/6
  1584 | D:3      | Noticed an ogre
  1588 | D:3      | Mangled by an ogre

Levels and vault maps discovered:
D:1:      minmay_arrival_five_plusses, layout_loops_ring
D:2:      layout_loops_cross, serial_park_tiny_2
D:3:      layout_loops_corners, okawaru_metal_pillars_3,
          grunt_temple_overflow_open, serial_shops, nicolae_shop_rolling_square,
          hangedman_decor_riveting, guppyfry_early_orc_mine, uniq_sigmund,
          uniq_grinder

Skill      XL: |  1  2  3 |
---------------+----------+-----
Ranged Weapons | 6 7 |  7.5
Fighting       | |  1.5
Dodging        | |  2.4
Stealth        | |  1.2

Action                     |  1- 3 |  4- 6 || total
---------------------------+-------+-------++-------
   Fire: Shortbow          |   129 |     7 ||   136
    Use: Scroll            |     4 |       ||     4
         Potion            |     1 |       ||     1
 Armour: Leather armour    |     7 |       ||     7
         Ring mail         |    14 |     2 ||    16
  Dodge: Dodged            |    20 |       ||    20

Table legend:
 A = Non-vault XP
 B = Vault XP
 C = Vault XP percentage of total XP
 D = Non-vault monster count
 E = Vault monster count
 F = Vault count percentage of total count
                 A         B        C        D         E       F
            +---------+---------+-------+---------+---------+-------
      Total |     106 |       0 |   0.0 |      46 |       0 |   0.0
            +---------+---------+-------+---------+---------+-------
        D:1 |      38 |       0 |   0.0 |      24 |       0 |   0.0
        D:2 |      41 |       0 |   0.0 |      14 |       0 |   0.0
        D:3 |      27 |       0 |   0.0 |       8 |       0 |   0.0
            +---------+---------+-------+---------+---------+-------
